 Dungeon Sprint DCSS version 0.24.0-125-gc4c63601f3 (webtiles) character file.

Game seed: 12716480935187467292, levelgen mode: deterministic

700 Groucho the Protected (level 7, -10/72 HPs)
             Began as a Deep Dwarf Fighter on Mar 19, 2020.
             Was a Believer of Makhleb.
             Mangled by a two-headed ogre
             ... wielding a +0 giant spiked club
              (12 damage)
             ... in the Dungeon (Sprint IX: "|||||||||||||||||||||||||||||").
             The game lasted 00:05:42 (1222 turns).

Groucho the Protected (Deep Dwarf Fighter)          Turns: 1222, Time: 00:05:42

Health: -10/72     AC: 19    Str: 19    XL:     7   Next: 38%
Magic:  11/11      EV:  6    Int:  9    God:    Makhleb [**....]
Gold:   0          SH: 11    Dex: 14    Spells: 6/6 levels left

rFire    . . .     SeeInvis .   a - +0 war axe
rCold    . . .     Gourm    .   c - +0 shield
rNeg     . . .     Faith    .   r - +1 chain mail
rPois    .         Spirit   .   q - +0 helmet
rElec    .         Reflect  .   (no cloak)
rCorr    .         Harm     .   (no gloves)
MR       +....     NoTele   +   p - +0 pair of boots
Stlth    ..........             (no amulet)
HPRegen  0.00/turn              s - +2 ring of protection
MPRegen  0.12/turn              t - +2 ring of protection

@: non-regenerating
A: damage resistance, heal wounds, sense surroundings 1, no regeneration
a: Heal Wounds, Minor Destruction, Renounce Religion


You were in the Dungeon.
You worshipped Makhleb.
Makhleb was pleased with you.
You were not hungry.

You visited 1 branch

Inventory:

Hand Weapons
 a - a +0 war axe (weapon)
Armour
 b - a +0 scale mail
 c - a +0 shield (worn)
 p - a +0 pair of boots (worn)
 q - a +0 helmet (worn)
 r - a +1 chain mail (worn)
Jewellery
 s - a +2 ring of protection (left hand)
 t - a +2 ring of protection (right hand)
Wands
 o - a wand of acid (10)
Scrolls
 k - a scroll of blinking
 m - 3 scrolls of remove curse
 n - 2 scrolls of amnesia
Potions
 d - a potion of might
 e - 3 potions of curing
 h - a potion of haste
 i - 4 potions of magic
 j - a potion of berserk rage
 l - a potion of invisibility


   Skills:
 + Level 7.4 Fighting
 + Level 8.5 Axes
 + Level 8.9 Armour
 + Level 8.9 Shields
 + Level 7.8 Invocations


You had 6 spell levels left.
You didn't know any spells.
Your spell library was empty.

Dungeon Overview and Level Annotations

Branches:
Dungeon (1/1)

Altars:
Cheibriados
Dithmenos
Elyvilon
Fedhas
Gozag
Hepliaklqana
Kikubaaqudgha
Makhleb
Nemelex Xobeh
Okawaru
Qazlal
Ru
Sif Muna
Trog
Uskayaw
Vehumet
Wu Jian
Xom
Yredelemnul
Zin
The Shining One
Beogh
Jiyva
Lugonu


Innate Abilities, Weirdness & Mutations

You are resistant to damage.
You can heal yourself by infusing magical energy.
You passively map a small area around you.
You do not regenerate.


Message History

You feel better.
Okay, then.
You start waiting.
A two-headed ogre opens the door.
It is wielding two +0 giant spiked clubs.
The two-headed ogre hits you with a +0 giant spiked club.
* * * LOW HITPOINT WARNING * * *
The two-headed ogre closely misses you.
There is an open door, spattered with blood here.
You slash the two-headed ogre!
The two-headed ogre is severely wounded.
Your chain mail prevents you from hitting the two-headed ogre.
The two-headed ogre is severely wounded.
The two-headed ogre hits you with a +0 giant spiked club!!
* * * LOW HITPOINT WARNING * * *
You block the two-headed ogre's attack.
You hit the two-headed ogre.
The two-headed ogre is severely wounded.
You block the two-headed ogre's attack.
The two-headed ogre hits you with a +0 giant spiked club!
You die...

, , , , * * * * ,,, , ,, , ,
* * * * +, ,, + ,, * * * * *
* * ** * ,, ,, ,
▓▓▓▓▓▓▓▓▓▓▓▓▓▓▓▓▓▓▓▓▓▓▓▓▓▓▓▓
__________'....O@.....)...<▓
▓▓▓▓▓▓▓▓▓▓▓▓▓▓▓▓▓▓▓▓▓▓▓▓▓▓▓▓


You could see a two-headed ogre.

Vanquished Creatures
  A troll (D)
  An ice beast (D)
  A sky beast (D)
  A centaur (D)
  A bullfrog (D)
  A gnoll sergeant (D)
  A howler monkey (D)
  A crimson imp (D)
  2 adders (D)
  A leopard gecko (D)
  A bat zombie (D)
  A goblin (D)
  A quokka (D)
  A bat (D)
  2 rats (D)
17 creatures vanquished.

Vanquished Creatures (others)
  A spatial maelstrom (D)
1 creature vanquished.

Grand Total: 18 creatures vanquished

Notes
Turn   | Place    | Note
-------+----------+-------------------------------------------
     0 | D        | Groucho the Deep Dwarf Fighter began the quest for the Orb.
     0 | D        | Reached XP level 1. HP: 20/20 MP: 1/1
    21 | D        | Noticed a crimson imp
    21 | D        | Noticed a howler monkey
    22 | D        | Reached XP level 2. HP: 23/28 MP: 2/2
    24 | D        | Banished a spatial maelstrom
    30 | D        | Killed a howler monkey
    30 | D        | Reached skill level 5 in Armour
    30 | D        | Reached skill level 5 in Shields
    30 | D        | Reached XP level 3. HP: 25/36 MP: 3/3
    38 | D        | Reached skill level 5 in Axes
    38 | D        | Reached XP level 4. HP: 31/45 MP: 4/4
   445 | D        | Found a roughly hewn altar of Beogh.
   445 | D        | Found a snail-covered altar of Cheibriados.
   445 | D        | Found a shadowy altar of Dithmenos.
   445 | D        | Found a white marble altar of Elyvilon.
   445 | D        | Found a blossoming altar of Fedhas.
   445 | D        | Found an opulent altar of Gozag.
   446 | D        | Found a hazy altar of Hepliaklqana.
   447 | D        | Found a viscous altar of Jiyva.
   448 | D        | Found an ancient bone altar of Kikubaaqudgha.
   449 | D        | Found a corrupted altar of Lugonu.
   450 | D        | Found a burning altar of Makhleb.
   451 | D        | Found a sparkling altar of Nemelex Xobeh.
   452 | D        | Found an iron altar of Okawaru.
   453 | D        | Found a stormy altar of Qazlal.
   454 | D        | Found a sacrificial altar of Ru.
   455 | D        | Found a shimmering blue altar of Sif Muna.
   456 | D        | Found a bloodstained altar of Trog.
   457 | D        | Found a hide-covered altar of Uskayaw.
   458 | D        | Found a radiant altar of Vehumet.
   459 | D        | Found an ornate altar of the Wu Jian Council.
   460 | D        | Found a shimmering altar of Xom.
   461 | D        | Found a basalt altar of Yredelemnul.
   462 | D        | Found a glowing silver altar of Zin.
   463 | D        | Found a glowing golden altar of the Shining One.
   470 | D        | Became a worshipper of Makhleb the Destroyer
   627 | D        | Noticed a centaur
   627 | D        | Noticed an ice beast
   627 | D        | Noticed a gnoll sergeant
   627 | D        | Noticed a bullfrog
   627 | D        | Noticed a troll
   650 | D        | Killed a troll
   650 | D        | Reached skill level 5 in Invocations
   650 | D        | Reached XP level 5. HP: 15/55 MP: 4/9
   650 | D        | Reached XP level 6. HP: 17/62 MP: 4/10
   663 | D        | Reached * piety under Makhleb
   675 | D        | Killed an ice beast
   675 | D        | Reached XP level 7. HP: 60/72 MP: 7/11
   681 | D        | Reached ** piety under Makhleb
  1136 | D        | Noticed a hippogriff
  1136 | D        | Noticed a centaur warrior
  1136 | D        | Noticed a yak
  1136 | D        | Noticed a two-headed ogre
  1221 | D        | HP: 2/72 [two-headed ogre/+0 giant spiked club (18)]
  1222 | D        | Mangled by a two-headed ogre

Levels and vault maps discovered:
D:        linesprint [early_d, line_temple, items_1, d_10, items_2, lair_1,
          lair_end, items_3, orc_1, orc_end, items_4, d_15, swamp_1, shoals_1,
          snake_1, spider_1, d_20, vaults_1, items_5, swamp_end, shoals_end,
          snake_end, spider_end, vaults_end, d_27, items_6, zot_1, zot_end,
          crypt_end, forest_end, elf_end, slime_end, tomb_end, abyss_end,
          pan_hell_end]

Skill      XL: |  1  2  3  4  5  6 |
---------------+-------------------+-----
Fighting       | 3 4 6 7 |  7.4
Axes           | 3 4 5 7 8 |  8.5
Armour         | 4 5 7 8 |  8.9
Shields        | 4 5 7 8 |  8.9
Invocations    | 5 7 |  7.8

Action                   |  1- 3 |  4- 6 |  7- 9 || total
-------------------------+-------+-------+-------++-------
Melee: War axe           |    28 |    42 |    39 ||   109
 Abil: Heal Wounds       |       |     2 |       ||     2
  Use: Potion            |       |     2 |     3 ||     5
       Scroll            |       |       |     1 ||     1
  Eat: Ration            |       |       |     1 ||     1
Armor: Scale mail        |    13 |       |       ||    13
       Chain mail        |       |    47 |    15 ||    62
Dodge: Dodged            |     3 |    16 |     5 ||    24
Block: Shield            |    15 |    43 |    20 ||    78
